 Dungeon Crawl Stone Soup version 0.17-a0-945-g601bd79 (webtiles) character file.

767 Hanyuu the Insei (level 7, 0/46 HPs)
             Began as an Octopode Transmuter on May 1, 2015.
             Slain by an ice beast (12 damage)
             ... on level 5 of the Dungeon on May 7, 2015.
             The game lasted 00:27:54 (6169 turns).

Hanyuu the Insei (Octopode Transmuter)              Turns: 6169, Time: 00:27:55

Health: 0/46       AC:  1    Str:  9    XL:     7   Next: 82%
Magic:  20/20      EV: 13    Int: 17    God:
Gold:   261        SH:  0    Dex: 17    Spells: 4 memorised, 2 levels left

rFire  . . .     SeeInvis .       - Unarmed
rCold  . . .     Clarity  .     (no shield)
rNeg   . . .     SustAb   .     (helmet restricted)
rPois  .         Gourm    .     p - amulet of resist corrosion
rElec  .         Spirit   .     d - ring of magical power
rCorr  +         Warding  .     y - +4 ring of dexterity
rMut   .         Stasis   .     (no ring)
MR     .....                    (no ring)
Stlth  +++.......               (no ring)
                                (no ring)
                                (no ring)
                                (no ring)

@: appendage (expiring), not resistant to hostile enchantments, fairly stealthy
A: almost no armour, amphibious, 8 rings, constrict 8, tentacle spike 3,
camouflage 1, gelatinous body 1
a: End Transformation


You were on level 5 of the Dungeon.
You were near starving.
One of your tentacles had a temporary spike.
You visited 1 branch of the dungeon, and saw 5 of its levels.

You collected 261 gold pieces.

Inventory:

Hand weapons
 b - a +1 blowgun
 t - a +1 hunting sling
Missiles
 c - 52 arrows
 k - 19 poisoned needles
 n - 9 stones (quivered)
 w - 48 sling bullets
 B - a throwing net
 D - 5 tomahawks
Jewellery
 d - a ring of magical power (left tentacle)
 o - an uncursed ring of teleportation
 p - an amulet of resist corrosion (around mantle)
 y - a +4 ring of dexterity (right tentacle)
Magical devices
 v - a wand of teleportation (4)
Scrolls
 q - 2 scrolls of teleportation
 u - a scroll of immolation
Potions
 e - 4 potions of curing
 h - a potion of might
 j - a potion of cure mutation
 l - a potion of cancellation
 s - 2 potions of lignification
 x - a potion of flight
 E - 2 potions of poison
 G - a potion of magic
Books
 m - a book of Changes

   Spells                             Type                      Level
   a - Beastly Appendage              Transmutation                1
   b - Sticks to Snakes               Transmutation                2
   c - Spider Form                    Transmutation/Poison         3
   d - Ice Form                       Ice/Transmutation            4
   e - Blade Hands                    Transmutation                5
Comestibles
 a - 4 bread rations
 f - 2 beef jerkies
 g - 4 meat rations
 i - 2 royal jellies
 r - a chunk of flesh
 z - a slice of pizza


   Skills:
 - Level 3.0 Fighting
 - Level 1.0 Throwing
 - Level 2.0 Dodging
 * Level 7.5 Unarmed Combat
 + Level 3.0 Spellcasting
 - Level 3.0 Transmutations


You had 2 spell levels left.
You knew the following spells:

 Your Spells              Type           Power        Failure   Level  Hunger
a - Beastly Appendage     Trmt           ##....       6%          1    None
b - Sticks to Snakes      Trmt           ##........   10%         2    ##.....
c - Spider Form           Trmt/Pois      #.........   30%         3    ###....
d - Ice Form              Ice/Trmt       #.......     89%         4    ####...


Dungeon Overview and Level Annotations

Branches:
Dungeon (5/15)
 Temple: D:4-7

Altars:
Ashenzari
Xom


Innate Abilities, Weirdness & Mutations

You cannot wear most types of armour.
You are amphibious.
You can wear up to eight rings at the same time.
You can use your tentacles to constrict eight enemies at once.
Your skin changes colour to match your surroundings (Stealth).
Your rubbery body absorbs attacks (AC +1).
One of your tentacles bears a large vicious spike.


Message History

The ice beast is heavily wounded.
The ice beast closely misses you.
You barely miss the ice beast. Your squeeze misses the ice beast.
The ice beast is heavily wounded.
You tentacle-slap the ice beast.
You pierce the ice beast, but do no damage.
The ice beast is severely wounded.
The ice beast hits you. The ice beast freezes you.
You tentacle-slap the ice beast but do no damage.
You pierce the ice beast, but do no damage.
The ice beast is severely wounded.
The ice beast barely misses you.
You barely miss the ice beast.
You pierce the ice beast.
Your tentacle-slap misses the ice beast.
Your squeeze misses the ice beast.
The ice beast is severely wounded.
The ice beast hits you.
* * * LOW HITPOINT WARNING * * *
The ice beast freezes you!
You die...

......<...........
.....#........#...
.....(#.......#.#.
...........)#....
###..#...........
#.##......####..
#..........# ## #..
....^^.....#######.....
...^_^.........@Y......
.....^.....#########.#.
......[.....
.........###. ....(..##
## .#.... # ##... g.


You could see an ice beast.

Vanquished Creatures
  The ghost of Viceroy the Shield-Bearer, an average HuFi of Okawaru (D:5)
  2 centaurs (D:5)
  7 orc wizards
  2 orc priests
  A worker ant (D:4)
  Robin (D:3)
  5 adders
  4 gnolls (D:4)
  An ooze (D:5)
  9 worms
  7 giant geckos
  14 orcs
  2 giant cockroaches
  19 goblins
  8 hobgoblins
  15 jackals
  10 kobolds
  3 quokkas
  A ball python (D:2)
  6 bats
  3 giant newts
  A quokka skeleton (D:4)
  15 rats
137 creatures vanquished.

Notes
Turn   | Place    | Note
--------------------------------------------------------------
     0 | D:1      | Hanyuu, the Octopode Transmuter, began the quest for the Orb.
     0 | D:1      | Reached XP level 1. HP: 13/13 MP: 3/3
   196 | D:1      | Reached XP level 2. HP: 12/18 MP: 5/5
   992 | D:2      | Learned a level 2 spell: Sticks to Snakes
  1009 | D:2      | Reached skill level 4 in Unarmed Combat
  1009 | D:2      | Reached XP level 3. HP: 20/23 MP: 6/6
  1136 | D:2      | Learned a level 3 spell: Spider Form
  1668 | D:2      | Reached XP level 4. HP: 24/28 MP: 7/7
  2086 | D:3      | Reached skill level 5 in Unarmed Combat
  2245 | D:3      | Reached XP level 5. HP: 24/34 MP: 8/8
  2661 | D:3      | Noticed Robin
  2685 | D:3      | Killed Robin
  3914 | D:4      | Reached XP level 6. HP: 39/41 MP: 9/9
  4095 | D:4      | Reached skill level 6 in Unarmed Combat
  4205 | D:4      | Reached skill level 1 in Throwing
  4893 | D:4      | Reached XP level 7. HP: 37/46 MP: 10/10
  5115 | D:5      | Entered Level 5 of the Dungeon
  5347 | D:4      | Learned a level 4 spell: Ice Form
  5371 | D:5      | Noticed Viceroy's ghost (average HuFi)
  5773 | D:5      | Found a shattered altar of Ashenzari.
  5784 | D:5      | Reached skill level 7 in Unarmed Combat
  5875 | D:5      | Killed Viceroy's ghost
  5878 | D:5      | Upgraded the game from 0.17-a0-896-g249456b to 0.17-a0-945-g601bd79
  6147 | D:5      | Found a shimmering altar of Xom.
  6169 | D:5      | Slain by an ice beast

Action                   |  1- 3 |  4- 6 |  7- 9 || total
-------------------------+-------+-------+-------++-------
Melee: Unarmed           |    81 |   124 |    66 ||   271
 Fire: Hunting sling     |     4 |    12 |       ||    16
       Blowgun           |       |    49 |    21 ||    70
Throw: Stone             |     1 |       |       ||     1
 Cast: Beastly Appendage |     3 |     2 |     2 ||     7
       Spider Form       |     1 |     5 |     3 ||     9
       Sticks to Snakes  |       |       |     2 ||     2
  Use: Scroll            |     4 |     6 |     8 ||    18
 Stab: Sleeping          |     1 |    11 |     4 ||    16
       Distracted        |       |     1 |       ||     1
  Eat: Chunk             |     2 |     7 |     1 ||    10
       Meat ration       |       |     1 |       ||     1
       Pizza             |       |       |     1 ||     1
